Map: Dusk Towers

Players

llllllllllll - Winner!

  • Race: Protoss Protoss
  • League: Master

Miszu

  • Race: Terran Terran
  • League: Grandmaster

VOD

Have the link to the VOD?

Description

Time

  • Played on: May 11, 2016, 5:04 p.m.
  • Length: 8:22
Show
View Real Time Build Order
Export as new Build Order

llllllllllll Protoss - Winner!

Build Orders: Oracle Opening 

Get SALT Encoding   

  12  0:01  Probe (Chrono Boost)  
  13  0:11  Probe (Chrono Boost)  
  14  0:17  Pylon  
  14  0:22  Probe (Chrono Boost)  
  16  0:35  Probe (Chrono Boost)  
  16  0:36  Gateway  
  16  0:44  Assimilator  
  16  0:46  Probe (Chrono Boost)  
  17  0:52  Assimilator  
  17  0:57  Probe (Chrono Boost)  
  18  1:07  Probe (Chrono Boost)  
  19  1:19  Probe (Chrono Boost)  
  19  1:23  Cybernetics Core  
  19  1:24  Pylon  
  20  1:29  Probe (Chrono Boost)  
  21  1:40  Probe (Chrono Boost)  
  22  1:50  Probe (Chrono Boost)  
  23  1:59  Stargate  
  23  2:02  Mothership Core (Chrono Boost)  
  23  2:04  Adept  
  27  2:17  Warp Gate  
  27  2:20  Probe (Chrono Boost)  
  27  2:21  Pylon  
  28  2:31  Probe (Chrono Boost)  
  29  2:40  Pylon  
  29  2:43  Pylon  
  29  2:44  Pylon  
  29  2:46  Oracle (Chrono Boost)  
  31  2:55  Probe  
  32  3:03  Nexus  
  32  3:16  Probe  
  32  3:18  Oracle (Chrono Boost)  
  34  3:29  Probe  
  35  3:41  Probe (Chrono Boost)  
  36  3:53  Probe (Chrono Boost)  
  37  3:56  Nexus  
  37  4:03  Probe (Chrono Boost)  
  37  4:04  Pylon  
  38  4:10  Gateway  
  38  4:14  Probe (Chrono Boost)  
  39  4:19  Gateway  
  39  4:21  Probe (Chrono Boost)  
  40  4:27  Probe (Chrono Boost)  
  41  4:32  Probe (Chrono Boost)  
  41  4:38  Probe (Chrono Boost)  
  43  4:42  Forge, Probe (Chrono Boost)  
  44  4:45  Twilight Council  
  44  4:48  Probe (Chrono Boost)  
  45  4:53  Pylon, Probe (Chrono Boost)  
  45  4:59  Probe (Chrono Boost)  
  47  5:03  Probe (Chrono Boost)  
  47  5:05  Protoss Ground Weapons Level 1 (Chrono Boost)  
  48  5:10  Probe (Chrono Boost)  
  48  5:11  Probe (Chrono Boost)  
  48  5:13  Adept, Probe (Chrono Boost)  
  53  5:17  Assimilator  
  53  5:20  Probe  
  53  5:21  Probe  
  53  5:22  Assimilator  
  53  5:23  Probe  
  53  5:25  Adept x2  
  60  5:31  Probe  
  60  5:32  Resonating Glaives (Chrono Boost)  
  60  5:33  Probe  
  62  5:42  Probe  
  62  5:43  Probe  
  62  5:46  Adept x2  
  62  5:47  Adept  
  62  5:48  Probe  
  71  5:52  Pylon, Probe  
  71  5:55  Probe  
  73  6:00  Probe  
  73  6:03  Probe  
  74  6:07  Probe  
  74  6:09  Robotics Facility  
  74  6:10  Pylon  
  76  6:16  Probe  
  77  6:22  Probe x2  
  77  6:23  Adept x3  
  85  6:28  Probe  
  85  6:29  Gateway x2  
  85  6:32  Gateway  
  86  6:34  Gateway  
  86  6:36  Gateway  
  86  6:40  Gateway  
  86  6:45  Gateway  
  86  6:48  Gateway  
  86  6:50  Pylon  
  86  6:52  Pylon  
  86  6:56  Warp Prism (Chrono Boost)  
  86  6:58  Pylon  
  88  7:08  Adept x2  
  90  7:10  Adept  
  90  7:14  Pylon  
  94  7:19  Pylon  
  94  7:20  Pylon  
  94  7:21  Pylon  
  94  7:29  Adept x2  
  98  7:32  Observer  
  99  7:37  Adept x5  
  99  7:38  Adept  
  99  7:39  Adept  
  113  7:59  Adept x3  
  113  8:00  Adept x4  
  113  8:01  Adept x2  
  127  8:22  Assimilator  
Show
View Real Time Build Order
Export as new Build Order

Miszu Terran 

Build Orders: MMM Bio 

Get SALT Encoding   

  12  0:01  SCV  
  13  0:13  SCV  
  14  0:18  Supply Depot  
  14  0:25  SCV  
  15  0:39  SCV  
  15  0:41  Barracks  
  16  0:52  SCV  
  17  1:08  SCV  
  18  1:14  Command Center  
  18  1:20  SCV  
  19  1:29  Marine  
  19  1:32  Orbital Command  
  20  1:41  Barracks  
  20  1:47  Marine  
  21  1:54  Barracks  
  21  1:58  SCV  
  22  2:05  Marine  
  23  2:25  Marine  
  23  2:26  SCV  
  23  2:28  Marine  
  23  2:29  Refinery x2  
  26  2:30  Orbital Command  
  26  2:43  Marine  
  27  2:46  Marine  
  27  2:47  Marine  
  29  2:56  Supply Depot  
  29  3:01  Marine  
  29  3:04  Marine x2  
  30  3:17  SCV  
  30  3:19  Marine  
  30  3:22  Supply Depot, Marine x2  
  30  3:23  SCV  
  33  3:29  SCV  
  29  3:37  Marine, SCV  
  29  3:40  Marine  
  32  3:44  SCV  
  34  3:52  Engineering Bay  
  34  3:53  Barracks Tech Lab, SCV  
  34  3:56  Marine  
  34  4:02  Marine  
  36  4:03  SCV  
  37  4:12  Stimpack  
  37  4:14  Marine, SCV  
  39  4:18  Marauder  
  41  4:26  Missile Turret  
  41  4:27  Missile Turret  
  41  4:32  SCV x2  
  41  4:37  Marine x2  
  44  4:43  Marauder  
  44  4:44  SCV  
  47  4:47  SCV  
  48  4:54  Marine  
  48  4:56  Factory, SCV  
  48  4:59  SCV  
  51  5:01  Marine  
  51  5:06  Marine  
  52  5:08  SCV  
  52  5:11  SCV  
  52  5:17  Marine  
  52  5:20  Marine  
  54  5:23  SCV  
  54  5:30  Supply Depot  
  54  5:31  Marine  
  54  5:32  SCV  
  54  5:35  Marine, SCV  
  58  5:43  Marine  
  58  5:44  SCV  
  58  5:47  SCV  
  58  5:48  Refinery  
  58  5:49  Marine  
  62  5:56  SCV  
  63  5:59  SCV  
  64  6:08  SCV  
  66  6:11  SCV  
  66  6:12  Barracks Reactor, Supply Depot  
  66  6:16  Barracks Tech Lab  
  60  6:21  SCV  
  60  6:22  Marine  
  60  6:23  SCV  
  59  6:33  SCV  
  59  6:37  Marine, Command Center, SCV  
  62  6:40  Marine  
  62  6:43  Barracks  
  62  6:45  Barracks, SCV  
  64  6:47  Combat Shields  
  64  6:48  Marine x2  
  66  6:55  Marine, SCV  
  66  6:58  Marine, Concussive Shells  
  69  7:02  SCV  
  69  7:04  Supply Depot  
  69  7:07  SCV  
  71  7:08  Supply Depot, Missile Turret  
  71  7:13  Marine x2  
  71  7:15  SCV  
  74  7:20  Starport, Factory Reactor  
  74  7:23  Marine x2  
  74  7:24  SCV  
  74  7:27  SCV  
  77  7:30  Marine  
  77  7:31  Barracks Tech Lab  
  77  7:32  Barracks Reactor  
  77  7:36  Marine, SCV  
  80  7:40  Marine x2  
  80  7:42  SCV  
  83  7:44  Supply Depot, Refinery  
  83  7:48  Marine, SCV  
  83  7:50  Marauder  
  87  7:54  Marine  
  88  8:00  SCV  
  88  8:02  SCV  
  90  8:12  Factory Reactor  
Tags
 
Add a new tag
Caveats
  • Supply blocks, unpowered buildings, or Contaminate may cause inaccurate times.
  • Supply counts are checked every 10 seconds.